Map: Winter Madness LE

Players

Reynor

  • Race: Zerg Zerg
  • League: Master
  • Spawn Location: 5:00

ShoWTimE - Winner!

  • Race: Protoss Protoss
  • League: Master
  • Spawn Location: 11:00

VOD

Have the link to the VOD?

Description

Time

  • Played on: Jan. 31, 2026, 3:19 p.m.
  • Length: 16:16
Show
View Real Time Build Order
Export as new Build Order

Reynor Zerg 

Build Orders: Hatch First, Lurkers 

Get SALT Encoding   

  12  0:00  Drone  
  13  0:07  Drone  
  13  0:14  Extractor, Drone  
  15  0:21  Overlord  
  15  0:40  Drone  
  16  0:45  Hatchery  
  16  0:48  Drone  
  16  0:52  Drone  
  16  0:55  Drone  
  18  1:05  Extractor  
  18  1:10  Spawning Pool  
  16  1:14  Drone  
  16  1:17  Drone  
  18  1:26  Drone  
  19  1:37  Drone  
  20  1:47  Drone  
  21  1:57  Queen x2  
  21  1:58  Zergling x2  
  21  1:59  Overlord  
  26  2:08  Drone  
  27  2:09  Drone  
  27  2:10  Metabolic Boost  
  28  2:19  Drone  
  28  2:21  Drone  
  30  2:30  Drone  
  30  2:31  Drone  
  30  2:36  Hatchery  
  31  2:41  Zergling x2  
  31  2:43  Overlord  
  32  2:48  Queen  
  34  2:51  Drone  
  34  2:53  Zergling x2  
  36  3:02  Zergling x2, Overlord  
  36  3:05  Drone x3  
  40  3:11  Zergling x2  
  40  3:12  Drone x2  
  43  3:15  Overlord  
  41  3:21  Queen  
  41  3:26  Drone  
  43  3:31  Drone  
  43  3:32  Drone  
  44  3:36  Drone  
  44  3:40  Drone x2  
  44  3:41  Drone  
  48  3:47  Drone  
  46  3:49  Drone  
  46  3:51  Drone  
  46  3:54  Drone  
  49  3:56  Drone  
  49  3:59  Spore Crawler  
  49  4:02  Drone  
  50  4:03  Drone  
  50  4:06  Spore Crawler  
  49  4:10  Drone x3  
  49  4:13  Zergling x4  
  49  4:15  Spore Crawler  
  53  4:19  Drone  
  53  4:20  Drone x2  
  53  4:23  Overlord  
  56  4:27  Zergling x4  
  56  4:30  Zergling x4  
  60  4:32  Drone x2  
  60  4:37  Roach Warren  
  61  4:39  Drone  
  61  4:40  Drone  
  61  4:41  Drone  
  61  4:43  Drone  
  61  4:45  Drone  
  66  4:48  Drone x3  
  66  4:51  Overlord  
  69  4:53  Zergling x4  
  69  4:58  Drone x3  
  73  5:02  Overlord  
  73  5:05  Drone  
  72  5:08  Drone  
  72  5:10  Extractor, Lair  
  72  5:11  Drone x2  
  74  5:19  Hatchery  
  74  5:20  Drone x2  
  75  5:23  Drone x2  
  75  5:24  Drone  
  75  5:27  Overlord, Extractor  
  77  5:29  Drone  
  77  5:32  Drone  
  79  5:36  Drone x3  
  79  5:38  Extractor, Overlord  
  81  5:43  Overlord  
  81  5:45  Drone x4  
  81  5:46  Drone  
  81  5:47  Drone x2  
  85  5:51  Overlord  
  85  5:52  Drone x3  
  87  5:58  Drone x2  
  87  6:02  Evolution Chamber  
  87  6:03  Drone  
  87  6:04  Evolution Chamber  
  87  6:07  Hatchery  
  87  6:08  Drone x2  
  87  6:09  Drone x2  
  89  6:15  Pneumatized Carapace, Extractor  
  89  6:16  Extractor  
  89  6:17  Roach x3  
  89  6:18  Roach, Glial Reconstitution  
  94  6:19  Overseer  
  94  6:20  Roach x2  
  94  6:22  Roach  
  101  6:26  Overlord  
  101  6:29  Roach x2  
  101  6:31  Overlord  
  105  6:33  Queen  
  105  6:34  Roach x2  
  105  6:37  Roach x2  
  105  6:39  Roach  
  117  6:40  Roach  
  117  6:45  Overlord  
  119  6:47  Roach x3  
  119  6:51  Roach x3  
  119  6:54  Queen  
  131  6:57  Extractor  
  131  6:58  Spore Crawler  
  131  6:59  Roach x2  
  135  7:02  Zergling x6  
  135  7:03  Zergling x2  
  135  7:04  Zergling x2  
  135  7:07  Overlord  
  140  7:08  Zergling x2  
  140  7:12  Zergling x2  
  140  7:13  Queen  
  140  7:14  Zergling x6  
  140  7:15  Zergling x2  
  148  7:19  Zergling x4  
  150  7:25  Ravager x7  
  150  7:26  Overlord  
  150  7:28  Zergling x12  
  163  7:31  Overlord  
  163  7:35  Zergling x4  
  163  7:36  Overlord  
  165  7:38  Overlord  
  165  7:45  Overlord  
  165  7:49  Overlord  
  165  7:52  Zergling x12  
  165  7:57  Ravager  
  165  7:58  Ravager x7  
  179  7:59  Zergling x4, Roach  
  179  8:01  Zergling x2, Roach  
  184  8:06  Roach  
  184  8:10  Roach x2, Zergling x4  
  179  8:15  Zergling x6, Roach x2  
  176  8:21  Zergling x2  
  173  8:28  Ravager x5  
  173  8:29  Zergling x8, Queen  
  173  8:30  Queen  
  173  8:34  Zergling x4  
  183  8:36  Roach  
  183  8:39  Roach x3, Queen  
  167  8:44  Roach x3, Queen  
  167  8:48  Roach  
  158  8:51  Roach  
  158  8:54  Zerg Missile Weapons Level 1  
  160  8:57  Roach x2, Zergling x2  
  160  8:58  Ravager x3  
  160  9:01  Drone x3  
  171  9:05  Extractor, Drone x2  
  171  9:06  Drone  
  171  9:07  Drone  
  174  9:12  Overlord  
  174  9:13  Drone  
  174  9:16  Infestation Pit  
  174  9:20  Roach, Zergling x4  
  174  9:24  Evolution Chamber  
  177  9:25  Drone x7  
  177  9:27  Ravager x5  
  177  9:28  Overlord  
  177  9:29  Zergling x4  
  191  9:34  Spine Crawler  
  191  9:35  Zergling x2  
  191  9:37  Zergling x2  
  192  9:39  Zergling x4  
  192  9:41  Zergling x6  
  197  9:47  Zergling x4  
  197  9:51  Zerg Melee Weapons Level 1, Hydralisk Den  
  198  9:55  Hive, Zergling x2  
  199  10:08  Spore Crawler  
  191  10:28  Lurker Den  
  176  10:29  Lurker Den  
  176  10:35  Hydralisk x14  
  150  10:39  Zergling x30  
  150  10:40  Queen  
  150  10:42  Muscular Augments  
  184  10:46  Hydralisk x3  
  184  10:47  Zergling x6  
  184  10:48  Overlord  
  193  10:50  Hydralisk  
  193  10:51  Zergling x2  
  185  10:58  Hydralisk x3  
  185  11:08  Zergling x2  
  185  11:09  Zergling x14  
  192  11:15  Hydralisk x3  
  179  11:25  Zergling x2  
  179  11:26  Zergling x20  
  179  11:28  Lurker x2  
  186  11:33  Seismic Spines  
  186  11:35  Adaptive Talons  
  186  11:37  Lurker x2  
  186  11:43  Lurker x3  
  178  12:07  Hydralisk  
  178  12:08  Hydralisk x5  
  175  12:09  Grooved Spines  
  175  12:10  Zergling x20  
  189  12:29  Drone x2  
  180  12:32  Drone x2  
  180  12:35  Lurker x4  
  180  12:36  Lurker  
  185  12:42  Hydralisk x4  
  185  12:43  Zergling x10  
  184  12:48  Lurker  
  183  12:56  Zergling x14  
  183  12:57  Zergling x2  
  185  13:00  Overseer  
  185  13:04  Nydus Network  
  184  13:09  Lurker  
  184  13:11  Overseer  
  185  13:15  Overlord  
  185  13:18  Lurker  
  186  13:21  Hatchery  
  186  13:22  Overseer  
  183  13:30  Lurker  
  184  13:36  Hydralisk x2  
  184  13:37  Zergling x6  
  188  13:44  Hydralisk x3  
  191  13:52  Hydralisk x2  
  191  13:53  Zergling x2  
  189  14:04  Nydus Canal  
  183  14:19  Nydus Canal  
  183  14:22  Lurker  
  183  14:23  Lurker  
  183  14:24  Zergling x24  
  185  14:27  Hydralisk  
  184  14:34  Hydralisk x2  
  184  14:35  Zergling x2  
  178  14:47  Nydus Canal  
  171  14:54  Hydralisk x3, Zergling x4  
  171  14:55  Zergling x2  
  171  14:58  Hydralisk  
  171  14:59  Zergling x2  
  166  15:04  Hydralisk  
  166  15:05  Hydralisk  
  159  15:08  Hydralisk x2  
  156  15:15  Hydralisk x2  
  156  15:18  Hydralisk  
  148  15:28  Hydralisk x3  
  148  15:30  Nydus Canal  
  148  15:34  Hydralisk  
  136  15:38  Hydralisk  
  136  15:42  Hydralisk  
  126  15:47  Hydralisk  
  119  15:50  Hydralisk  
  119  15:55  Zergling x10  
Show
View Real Time Build Order
Export as new Build Order

ShoWTimE Protoss - Winner!

Build Orders: 1 Gate Expand, Oracle Opening, Archon Immortal 

Get SALT Encoding   

  12  0:00  Probe  
  13  0:12  Probe  
  14  0:18  Pylon  
  14  0:24  Probe  
  14  0:27  Assimilator  
  15  0:35  Probe  
  16  0:42  Gateway  
  16  0:43  Probe  
  17  0:51  Probe  
  18  1:02  Probe  
  19  1:15  Probe  
  20  1:22  Nexus  
  20  1:31  Cybernetics Core  
  20  1:35  Probe  
  20  1:39  Assimilator  
  21  1:47  Probe  
  22  1:49  Pylon  
  22  1:59  Probe  
  22  2:00  Adept  
  23  2:08  Stargate  
  23  2:12  Probe  
  26  2:20  Warp Gate, Adept  
  26  2:24  Probe  
  27  2:34  Probe  
  27  2:36  Probe  
  31  2:41  Oracle  
  31  2:46  Probe  
  31  2:49  Probe  
  36  2:57  Pylon  
  37  2:58  Probe  
  37  3:01  Probe  
  37  3:02  Adept  
  40  3:10  Probe  
  41  3:13  Probe  
  42  3:22  Probe  
  42  3:24  Oracle  
  42  3:25  Probe  
  44  3:32  Adept, Gateway  
  44  3:34  Probe  
  44  3:37  Probe  
  44  3:41  Pylon  
  47  3:46  Probe  
  48  3:49  Probe  
  48  3:51  Oracle  
  49  3:57  Assimilator  
  49  3:59  Probe  
  49  4:01  Probe  
  53  4:04  Pylon  
  53  4:12  Nexus  
  53  4:14  Pylon  
  53  4:15  Probe  
  54  4:22  Assimilator, Probe  
  55  4:28  Adept x2  
  59  4:31  Probe  
  59  4:34  Probe  
  59  4:36  Twilight Council  
  61  4:42  Forge  
  61  4:43  Probe  
  62  4:48  Robotics Facility  
  62  4:49  Probe  
  63  4:56  Probe  
  64  5:01  Probe  
  62  5:08  Probe  
  62  5:09  Gateway  
  62  5:11  Protoss Ground Weapons Level 1  
  62  5:12  Charge, Gateway  
  62  5:13  Probe  
  64  5:20  Probe x2  
  65  5:25  Probe  
  65  5:28  Probe  
  67  5:29  Templar Archives  
  67  5:32  Probe  
  69  5:37  Warp Prism, Probe  
  69  5:38  Probe  
  72  5:42  Adept  
  72  5:44  Probe  
  72  5:49  Stalker, Probe  
  73  5:50  Probe  
  73  5:56  Probe  
  71  6:02  Probe x2, Pylon  
  73  6:04  Immortal  
  73  6:05  Shield Battery  
  73  6:07  Stalker  
  73  6:08  Probe  
  76  6:13  Gateway  
  76  6:14  Probe x2  
  76  6:18  Assimilator  
  82  6:19  Psionic Storm  
  82  6:20  Pylon  
  82  6:22  Robotics Facility  
  82  6:24  Probe  
  83  6:32  High Templar  
  85  6:33  Assimilator  
  85  6:35  Gateway  
  85  6:39  Immortal, Gateway  
  85  6:45  Pylon  
  85  6:48  Gateway x2  
  89  6:57  High Templar  
  91  7:02  Probe  
  91  7:04  Photon Cannon  
  92  7:08  High Templar  
  92  7:09  Protoss Ground Weapons Level 2  
  92  7:11  Zealot x3  
  92  7:14  Immortal  
  104  7:15  Pylon  
  104  7:18  Immortal  
  108  7:25  Shield Battery  
  108  7:28  Pylon  
  108  7:36  High Templar  
  110  7:39  Photon Cannon  
  110  7:41  Photon Cannon  
  110  7:43  High Templar  
  112  7:50  Immortal  
  112  7:54  Zealot x4  
  112  7:57  Shield Battery  
  124  8:00  Pylon  
  124  8:09  Immortal  
  118  8:14  Zealot x4  
  122  8:23  Immortal  
  122  8:26  Stalker x5  
  132  8:39  Zealot x3  
  130  8:41  Zealot  
  130  8:48  Immortal  
  132  8:55  Pylon  
  132  8:56  Pylon  
  132  8:57  Pylon  
  132  9:03  Probe  
  132  9:09  Pylon  
  133  9:14  High Templar x3  
  133  9:15  High Templar x3, Zealot  
  133  9:16  Zealot  
  148  9:19  Archon x2  
  148  9:20  Archon  
  148  9:21  Immortal  
  152  9:26  Pylon  
  152  9:28  Pylon  
  152  9:29  Observer  
  153  9:38  Protoss Ground Weapons Level 3  
  153  9:41  Nexus  
  153  9:42  High Templar x2  
  153  9:43  Pylon  
  157  9:46  Pylon  
  157  9:49  Zealot x3  
  157  9:50  Zealot x3  
  169  10:05  Zealot  
  171  10:13  Photon Cannon  
  171  10:15  Photon Cannon  
  171  10:17  Assimilator  
  171  10:18  Assimilator  
  171  10:19  Zealot x4  
  171  10:27  Zealot x4  
  169  10:36  High Templar  
  169  10:38  Immortal  
  173  10:43  Zealot x3  
  179  10:50  Photon Cannon  
  177  10:59  High Templar x4  
  177  11:00  Zealot  
  177  11:01  Probe x2  
  183  11:05  Archon  
  183  11:06  Archon  
  183  11:09  Zealot x2  
  183  11:12  Zealot x2  
  177  11:20  Zealot  
  173  11:28  Immortal  
  173  11:32  Fleet Beacon  
  177  11:34  Zealot x3  
  177  11:36  Observer  
  184  11:44  Probe x2  
  184  11:46  Stargate, Probe  
  187  11:49  High Templar x4  
  187  11:50  Probe  
  196  11:56  Probe  
  196  11:57  Probe  
  194  12:07  Tempest  
  180  12:09  Zealot x2  
  180  12:10  Zealot x3  
  194  12:29  Tempest  
  174  12:32  Probe x3  
  174  12:33  Probe  
  174  12:35  Protoss Air Weapons Level 1  
  174  12:36  Photon Cannon  
  174  12:37  Protoss Shields Level 1, Shield Battery  
  172  12:44  Probe  
  172  12:48  Zealot x6  
  172  12:49  Zealot  
  183  12:58  Probe x2  
  185  13:08  Tempest  
  189  13:15  Pylon  
  189  13:16  Tempest, Photon Cannon  
  189  13:20  Nexus, Pylon  
  193  13:33  High Templar x2  
  189  13:47  High Templar x2  
  193  13:50  Tempest  
  197  13:56  Pylon  
  197  13:58  Stalker, Photon Cannon  
  197  14:00  Photon Cannon  
  197  14:02  Photon Cannon  
  199  14:08  Zealot  
  199  14:15  Photon Cannon  
  196  14:22  Tempest  
  200  14:31  Assimilator  
  200  14:36  Assimilator  
  180  14:55  Zealot x6  
  187  15:00  Unknown  
  187  15:03  High Templar x2  
  179  15:07  Gateway  
  179  15:09  Archon  
  179  15:11  Gateway  
  177  15:21  Zealot  
  177  15:32  Observer, Immortal  
  186  15:39  Zealot x2  
  190  15:52  Pylon  
  190  15:53  Pylon  
  190  15:54  Pylon  
  182  15:58  Zealot  
  182  15:59  Probe x2  
Tags
 
Add a new tag
Caveats
  • Supply blocks, unpowered buildings, or Contaminate may cause inaccurate times.
  • Supply counts are checked every 10 seconds.